 Dungeon Crawl Stone Soup version 0.26-a0-651-gb41185065b (webtiles) character file.

Game seed: 8611609519800211690

5939 Flugslaktarn the Grappler (level 10, -5/98 HPs)
             Began as a Troll Fighter on Oct 27, 2020.
             Was a Believer of Ru.
             Blown up by Sonja (32 damage)
             ... with a disintegration bolt
             ... on level 10 of the Dungeon.
             The game lasted 00:06:34 (7463 turns).

Flugslaktarn the Grappler (Troll Fighter)           Turns: 7463, Time: 00:06:35

Health: -5/98      AC: 11    Str: 26    XL:     10   Next: 54%
Magic:  9/9        EV: 10    Int: 15    God:    Ru [**....]
Gold:   323        SH:  0    Dex: 16    Spells: 9/9 levels left

rFire    + . .     SeeInvis .   o - +6 giant spiked club (spect)
rCold    + . .     Faith    .   (shield currently unavailable)
rNeg     . . .     Spirit   .   D - +2 robe {rC+ rF+}
rPois    +         Reflect  .   (helmet restricted)
rElec    .         Harm     .   c - +2 cloak
rCorr    .         Rampage  .   (gloves unavailable)
MR       .....                  (boots unavailable)
Stlth    ..........             (no amulet)
HPRegen  0.66/turn              h - +6 ring of dexterity
MPRegen  0.11/turn              p - ring of Gucvukk {*Contam rPois Int+9}

@: slowed, very slow
A: large, unfitting armour, claws 3, regeneration 1, shaggy fur 1, tough skin 3,
no stealth, unskilled 1
a: Renounce Religion


You were on level 10 of the Dungeon.
You worshipped Ru.
Ru was pleased with you.
You visited 2 branches of the dungeon, and saw 11 of its levels.

You collected 461 gold pieces.
You spent 138 gold pieces at shops.

Inventory:

Hand Weapons
 o - a +6 spectral giant spiked club (weapon)
   (You acquired it on level 5 of the Dungeon)
Armour
 a - a +0 robe
 b - a +0 kite shield
 c - a +2 cloak (worn)
   (You found it on level 6 of the Dungeon)
 D - a +2 robe of resistance (worn)
   (You took it off Dowan on level 4 of the Dungeon)
Jewellery
 h - a +6 ring of dexterity (left claw)
   (You found it on level 1 of the Dungeon)
 m - an uncursed ring of protection from magic
   (You found it on level 3 of the Dungeon)
 p - the ring of Gucvukk (right claw) {*Contam rPois Int+9}
   (You acquired it on level 5 of the Dungeon)

   [ring of poison resistance]

   It affects your intelligence (+9).
   It protects you from poison.
   It causes magical contamination when unequipped.
Wands
 f - a wand of enslavement (11)
   (You found it on level 7 of the Dungeon)
 g - a wand of digging (8)
   (You found it on level 3 of the Dungeon)
Scrolls
 i - 3 scrolls of immolation
 l - a scroll of magic mapping
 r - a scroll of identify
 t - 3 scrolls of teleportation
 v - a scroll of enchant armour
 x - a scroll of acquirement
 y - a scroll of fear
 z - a scroll of blinking
 B - a scroll of silence {unknown}
Potions
 d - 5 potions of might
 e - 2 potions of cancellation
 j - 2 potions of invisibility
 k - 2 potions of stabbing
 n - 2 potions of resistance
 q - 4 potions of curing
 s - 2 potions of mutation
 u - 2 potions of degeneration {unknown}
 w - 5 potions of heal wounds
 A - a potion of flight {unknown}
 F - a potion of magic {unknown}
 G - a potion of berserk rage {unknown}


   Skills:
 - Level 5.7 Fighting
 + Level 8.9 Maces & Flails
 - Level 2.1 Dodging
 - Level 2.1 Shields
 - Level 9.1 Unarmed Combat


You had 9 spell levels left.
You didn't know any spells.
Your spell library contained the following spells:

 Spells                   Type           Power        Failure   Level
 Animate Skeleton         Necr           #.....       26%         1
 Apportation              Tloc           #.....       26%         1
 Corona                   Hex            #......      26%         1
 Summon Small Mammal      Summ           #...         26%         1
 Call Imp                 Summ           #.......     38%         2
 Call Canine Familiar     Summ           #.......     63%         3
 Summon Guardian Golem    Hex/Summ       #.......     63%         3
 Summon Ice Beast         Ice/Summ       #.......     95%         4
 Summon Lightning Spire   Summ/Air       #.......     95%         4


Dungeon Overview and Level Annotations

Branches:
Dungeon (10/15)            Temple (1/1) D:5
   Lair: D:8-11         Orc: D:9-12

Altars:
Ashenzari
Cheibriados
Dithmenos
Elyvilon
Fedhas
Gozag
Kikubaaqudgha
Makhleb
Nemelex Xobeh
Okawaru
Qazlal
Ru
Sif Muna
Trog
Uskayaw
Vehumet
Wu Jian
Xom
Yredelemnul
Zin
The Shining One

Shops:
D:4 [   D:5 *   D:8 }   D:9 ?

Portals:
Sewer: D:6

Annotations:
D:4 2 transporters
D:6 5 runed translucent doors
D:10 Sonja


Innate Abilities, Weirdness & Mutations

You are too large for most types of armour.
You have claws for hands.
Your natural rate of healing is unusually fast.
You are covered in fur. (AC +1)
You have extremely tough skin. (AC +3)
You cannot be stealthy.
You are somewhat unskilled. (-1 Apt)


Message History

Unknown command.
The centaur warrior zombie hits you but does no damage.
The hound bites you but does no damage.
Sonja plants her feet in a plie.
Sonja struggles against the net.
The net rips apart, and Sonja comes free!
The centaur warrior zombie barely misses you.
The hound closely misses you.
Sonja hits you with a +0 short sword of distortion.
Space bends around you. Sonja hits you but does no damage.
Space warps horribly around you!
* * * LOW HITPOINT WARNING * * *
Sonja hits you but does no damage.
You closely miss Sonja.
Sonja is heavily wounded.
The hound bites you but does no damage.
The centaur warrior zombie hits you but does no damage.
Sonja says, "Someone hired me to kill you, but I'm not supposed to say who."
Sonja zaps a wand.
You are blasted!
You die...

#......##.....#.....
#.>..........#.....
##.....((...........
##..........(......
#...............##
##...............#
#.<..##............
#......hZ......#.#.
##.....(@K###..###
#............##
##..........##
##..........#
###..........
##.........
##........ #.......#


You could see Sonja, a hound and a centaur warrior zombie.

Vanquished Creatures
  A two-headed ogre (D:9)
  A hornet (D:8)
  Prince Ribbit (D:5)
  A hippogriff (D:7)
  Sigmund (D:5)
  Eustachio (D:5)
  Edmund (D:5)
  5 ice beasts
  3 orc warriors
  2 sky beasts (D:5)
  2 phantoms
  4 ogres
  A centaur (D:7)
  5 big kobolds
  Blork the orc (D:4)
  A gnoll sergeant (D:9)
  4 bullfrogs
  A wyvern skeleton (D:6)
  3 scorpions
  Dowan (D:4)
  7 wights
  2 howler monkeys (D:9)
  A bullfrog zombie (D:9)
  5 hounds
  4 jellies
  7 orc priests
  Crazy Yiuf (D:7)
  A bullfrog skeleton (D:9)
  3 iguanas
  5 orc wizards
  13 worker ants
  2 worker ant zombies
  11 gnolls
  A howler monkey skeleton (D:6)
  6 adders
  A shadow imp (D:7)
  3 white imps
  An ufetubus (D:4)
  6 oozes
  An adder skeleton (D:8)
  An adder zombie (D:5)
  3 worms (D:2)
  2 dart slugs
  5 leopard geckos
  49 orcs
  2 ball pythons
  7 bats
  4 giant cockroaches
  6 goblins
  5 hobgoblins
  4 jackals (D:9)
  30 kobolds
  2 quokkas
  4 frilled lizards
  4 rats (D:1)
249 creatures vanquished.

Vanquished Creatures (others)
  An orc (D:7)
1 creature vanquished.

Grand Total: 250 creatures vanquished

Notes
Turn   | Place    | Note
-------+----------+-------------------------------------------
     0 | D:1      | Flugslaktarn the Troll Fighter began the quest for the Orb.
     0 | D:1      | Reached XP level 1. HP: 22/22 MP: 0/0
   164 | D:1      | Reached XP level 2. HP: 29/29 MP: 1/1
   490 | D:1      | Reached skill level 3 in Unarmed Combat
   490 | D:1      | Reached XP level 3. HP: 36/36 MP: 2/2
  1257 | D:2      | Reached XP level 4. HP: 45/45 MP: 3/3
  1357 | D:2      | Reached skill level 4 in Unarmed Combat
  1889 | D:3      | Reached XP level 5. HP: 53/53 MP: 4/4
  2338 | D:4      | Found Tozxor's Antique Armour Emporium.
  2389 | D:4      | Reached skill level 5 in Unarmed Combat
  2389 | D:4      | Reached XP level 6. HP: 58/62 MP: 5/5
  2398 | D:4      | Noticed Dowan
  2406 | D:4      | Killed Dowan
  2420 | D:4      | Found a sparkling altar of Nemelex Xobeh.
  2574 | D:4      | Noticed Blork the orc
  2581 | D:4      | Killed Blork the orc
  2588 | D:4      | Found a basalt altar of Yredelemnul.
  2651 | D:4      | Reached skill level 6 in Unarmed Combat
  2689 | D:4      | Found a transporter.
  2695 | D:4      | Found a transporter.
  2747 | D:4      | Reached XP level 7. HP: 70/70 MP: 6/6
  2815 | D:4      | Found an opulent altar of Gozag.
  2834 | D:4      | Reached skill level 7 in Unarmed Combat
  2998 | D:5      | Entered Level 5 of the Dungeon
  3013 | D:5      | Found Fevaha's Assorted Antiques.
  3069 | D:5      | Noticed Prince Ribbit
  3078 | D:5      | Killed Prince Ribbit
  3078 | D:5      | Reached skill level 5 in Fighting
  3078 | D:5      | Reached skill level 8 in Unarmed Combat
  3078 | D:5      | Reached XP level 8. HP: 80/80 MP: 7/7
  3108 | D:5      | Found a staircase to the Ecumenical Temple.
  3129 | D:5      | Found a shadowy altar of Dithmenos.
  3151 | Temple   | Entered the Ecumenical Temple
  3451 | Temple   | Became a worshipper of Ru the Awakened
  3511 | D:5      | Noticed Eustachio
  3543 | D:5      | Killed Eustachio
  3543 | D:5      | Reached skill level 9 in Unarmed Combat
  3758 | D:5      | Noticed Edmund
  3770 | D:5      | Killed Edmund
  3892 | D:5      | Found a bloodstained altar of Trog.
  4184 | D:5      | Noticed Sigmund
  4197 | D:5      | Killed Sigmund
  4197 | D:5      | Reached skill level 10 in Unarmed Combat
  4197 | D:5      | Reached XP level 9. HP: 77/89 MP: 8/8
  4401 | D:5      | Bought a scroll labeled JIORHU ARIDA for 24 gold pieces
  4401 | D:5      | Bought a scroll labeled JIORHU ARIDA for 24 gold pieces
  4401 | D:5      | Bought a scroll labeled ALIRPH OTAWUNAU for 24 gold pieces
  4401 | D:5      | Bought a scroll labeled FUBU KUBARUO for 24 gold pieces
  4401 | D:5      | Bought a bubbling grey potion for 21 gold pieces
  4401 | D:5      | Bought a bubbling brown potion for 21 gold pieces
  4428 | D:5      | Acquired the ring of Gucvukk {*Contam rPois Int+9}
  4432 | D:5      | Acquired a +6 spectral giant spiked club
  4515 | D:6      | Reached skill level 1 in Maces & Flails
  4590 | D:6      | Found a runed translucent door.
  4592 | D:6      | Found a runed translucent gate.
  4593 | D:6      | Found a runed translucent gate.
  4601 | D:6      | Found a runed translucent door.
  4603 | D:6      | Found the +9 staff of Olgreb {rPois∞}
  4630 | D:6      | Found a runed translucent gate.
  4799 | D:6      | Gained mutation: You are somewhat unskilled. (-1 Apt) [Ru
                  | sacrifice]
  4799 | D:6      | Reduced skill Fighting to level 5
  4799 | D:6      | Reduced skill Unarmed Combat to level 9
  4799 | D:6      | Reached * piety under Ru
  4799 | D:6      | Reached ** piety under Ru
  4849 | D:6      | Found a glowing drain.
  5014 | D:7      | Found an iron altar of Okawaru.
  5333 | D:7      | Reached skill level 5 in Maces & Flails
  5417 | D:7      | Found a runed translucent door.
  5426 | D:7      | Noticed Crazy Yiuf
  5490 | D:7      | Noticed an angel
  5491 | D:7      | Found a glowing silver altar of Zin.
  5491 | D:7      | Found a shimmering altar of Xom.
  5648 | D:7      | Killed Crazy Yiuf
  5854 | D:8      | Found Xaisku's Gadget Shop.
  5890 | D:8      | HP: 1/89 [orc warrior/+0 trident (12)]
  6171 | D:8      | Reached XP level 10. HP: 98/98 MP: 9/9
  6500 | D:8      | Gained mutation: You cannot be stealthy. [Ru sacrifice]
  7038 | D:9      | Noticed a two-headed ogre
  7042 | D:9      | Killed a two-headed ogre
  7111 | D:9      | Found a snail-covered altar of Cheibriados.
  7144 | D:9      | Found Weqif's Magic Scroll Boutique.
  7168 | D:9      | Found a hide-covered altar of Uskayaw.
  7339 | D:9      | Found a broken altar of Ashenzari.
  7339 | D:9      | Found a blossoming altar of Fedhas.
  7409 | D:9      | Found a sparkling altar of Nemelex Xobeh.
  7428 | D:10     | Entered Level 10 of the Dungeon
  7434 | D:10     | Noticed Sonja
  7463 | D:10     | Blown up by Sonja

Illustrated notes

Levels and vault maps discovered:
D:1:      lemuel_arrival_tunnels, layout_loops_corners
D:2:      layout_loops_cross, item_on_display_a
D:3:      layout_basic, kennysheep_generic_room_6
D:4:      layout_rooms, grunt_gozag_statues, gammafunk_temple_overflow_arena,
          serial_shops, shop, nemelex_altar_shiori, uniq_duvessa,
          uniq_blork_the_orc
D:5:      layout_loops_ring, nicolae_dithmenos_the_darkroom,
          nicolae_overflow_crystal_walls, minmay_temple_entry_antechambers,
          serial_shops, nicolae_shop_stone, chequers_decorated_corner,
          kennysheep_generic_room_5, uniq_edmund, uniq_prince_ribbit1,
          uniq_eustachio, uniq_sigmund
D:6:      layout_cave_pools, portal_sewer_entry_c,
          minmay_guarded_unrand_staff_of_olgreb
D:7:      layout_cave_pools, grunt_temple_overflow_order_and_chaos_1,
          okawaru_gym_becter, uniq_crazy_yiuf_cottage
D:8:      layout_loops_cross, serial_shops, shop
D:9:      layout_big_octagon, nicolae_overflow_hidden_temple,
          gammafunk_temple_overflow_statue, serial_shops,
          nicolae_shop_statue_plus
D:10:     layout_cave_pools, lair_entry_dummy, enter_bailey_6, uniq_sonja
Temple:   kb_temple_of_zot

Skill      XL: |  1  2  3  4  5  6  7  8  9 10 |
---------------+-------------------------------+-----
Unarmed Combat | 3 4 5 6 8 10 9 |  9.1
Fighting       | 3 4 5 6 5 |  5.7
Maces & Flails | 6 8 |  8.9
Dodging        | |  2.1
Shields        | |  2.1

Action                   |  1- 3 |  4- 6 |  7- 9 | 10-12 || total
-------------------------+-------+-------+-------+-------++-------
Melee: Unarmed           |    85 |   126 |   162 |       ||   373
       Giant spiked club |       |       |   147 |   158 ||   305
Throw: Dart              |       |       |       |     4 ||     4
       Throwing net      |       |       |       |     2 ||     2
Invok: Sacrifice Skill   |       |       |     1 |       ||     1
       Sacrifice Stealth |       |       |       |     1 ||     1
  Use: Scroll            |       |       |    23 |       ||    23
 Stab: Sleeping          |     3 |     4 |     9 |       ||    16
       Distracted        |       |       |     1 |       ||     1
       Invisible         |       |       |       |     1 ||     1
Armor: Robe              |    38 |    21 |   138 |   142 ||   339
Dodge: Dodged            |    29 |    28 |   144 |   184 ||   385
Block: Kite shield       |    43 |    46 |    63 |       ||   152

Table legend: (Time is in decaauts)
 A = Elapsed time spent in this place.
 B = Non-inter-level travel time spent in this place.
 C = Inter-level travel time spent in this place.
 D = Time resting spent in this place.
 E = Time spent auto-exploring this place.
 F = Levels seen in this place.
 G = Mean time per level.
                   A        B        C        D        E       F      G
               +--------+--------+--------+--------+--------+-----+--------+
         Total |   7597 |   7022 |    575 |    297 |   5122 |  11 |  690.6 |
       Dungeon |   7433 |   6928 |    505 |    297 |   5033 |  10 |  743.3 |
        Temple |    163 |     93 |     70 |      0 |     89 |   1 |  163.0 |
               +--------+--------+--------+--------+--------+-----+--------+

Top non-repeatable levels by time:
     D:5: 1293 daAuts
     D:8: 1217 daAuts
     D:1: 873 daAuts
     D:3: 793 daAuts
     D:7: 755 daAuts
     D:4: 702 daAuts
     D:2: 642 daAuts
     D:9: 582 daAuts
     D:6: 532 daAuts
  Temple: 163 daAuts
    D:10: 39 daAuts
